 Dungeon Crawl Stone Soup version 0.30-a0-414-gcb316572d5 (webtiles) character file.

Game seed: 11646402903589333620

4139 lunkers the Slicer (level 10, -8/84 HPs)
             Began as a Meteoran Fighter on Dec 8, 2022.
             Was a Priest of the Shining One.
             Mangled by a fire elemental (10 damage)
             ... summoned by a deep elf pyromancer
             ... on level 8 of the Dungeon.
             The game lasted 00:13:41 (3799 turns).

lunkers the Slicer (Meteoran Fighter)               Turns: 3799, Time: 00:13:41

Health: -8/84      AC: 10    Str: 19    XL:     10   Next: 81%
Magic:  16/16      EV: 14    Int: 10    God:    the Shining One [***...]
Gold:   320        SH:  5    Dex: 17    Spells: 9/9 levels left

rFire   . . .      SeeInvis .    a - +3 short sword (elec)
rCold   . . .      Faith    .    c - +0 buckler
rNeg    + . .      Spirit   .    z - +0 acid dragon scales
rPois   .          Reflect  .    (no helmet)
rElec   .          Harm     .    o - +0 cloak
rCorr   +          Rampage  .    (no gloves)
Will    +....                    u - +0 pair of boots
Stlth   +.........               (no amulet)
HPRegen 0.34/turn                (no ring)
MPRegen 0.15/turn                (no ring)

@: about to teleport, glowing
A: sense surroundings 2, otherworldly, glowing, explore regen
a: Renounce Religion, Divine Shield, Cleansing Flame


You were on level 8 of the Dungeon.
You worshipped the Shining One.
The Shining One was most pleased with you.
You visited 1 branch of the dungeon, and saw 8 of its levels.
You also visited: Sewer.

You collected 320 gold pieces.

Inventory:

Hand Weapons
 a - a +3 short sword of electrocution (weapon)
 e - a +3 dagger of flaming
 p - a +0 flail of holy wrath
 r - a +0 rapier
 v - a +1 flail of holy wrath
 w - a +3 short sword
Armour
 b - a +0 scale mail
 c - a +0 buckler (worn)
 o - a +0 cloak (worn)
 u - a +0 pair of boots (worn)
 z - +0 acid dragon scales (worn)
Jewellery
 B - a ring of fire
Scrolls
 d - a scroll of brand weapon {unknown}
 i - 4 scrolls of teleportation
 j - 2 scrolls of fear
 k - 9 scrolls of identify
 l - a scroll of blinking {unknown}
 q - a scroll of poison
 t - a scroll of vulnerability {unknown}
 x - a scroll of amnesia {unknown}
 y - a scroll of butterflies {unknown}
Potions
 f - 4 potions of curing
 g - a potion of haste
 h - a potion of attraction {unknown}
 m - a potion of lignification {unknown}
 n - a potion of berserk rage {unknown}
 s - 2 potions of resistance {unknown}
 A - 2 potions of magic {unknown}


   Skills:
 + Level 6.9 Fighting
 + Level 10.7 Short Blades
 + Level 7.5 Armour
 + Level 6.4 Dodging
 - Level 3.6 Shields
 + Level 6.9 Invocations


You had 9 spell levels left.
You didn't know any spells.
Your spell library contained the following spells:

 Spells                   Type           Power      Damage    Failure   Level
 Apportation              Tloc           0%         N/A       54%         1
 Necrotise                Necr           0%         1d4       54%         1
 Summon Small Mammal      Summ           0%         N/A       54%         1
 Fireball                 Conj/Fire      0%         3d3       100%        5
 Iskenderun's Battlesphe  Conj           0%         2d6       100%        5
 Conjure Ball Lightning   Conj/Air       0%         3x3d6     100%        6
 Orb of Destruction       Conj           0%         9d5       100%        7


Dungeon Overview and Level Annotations

Branches:
Dungeon (8/15) Zot: 1661   Temple (0/1) D:5            Lair (0/5) D:8
  Sewer (visited)

Altars:
Cheibriados
Fedhas
Nemelex Xobeh
Trog
The Shining One

Shops:
D:8 =

Annotations:
D:4 Dowan, Duvessa


Innate Abilities, Weirdness & Mutations

You passively map the area around you.
You are easily found by Zot.
You glow in the dark.
You regain HP and MP as you explore.


Message History

* * * LOW HITPOINT WARNING * * *
You hit the komodo dragon.
Lightning courses through the komodo dragon!
The komodo dragon is severely wounded.
You hit the komodo dragon.
The komodo dragon is almost dead.
The komodo dragon bites you!!
* * * LOW HITPOINT WARNING * * *
You hit the komodo dragon.
The komodo dragon is almost dead.
You barely miss the komodo dragon.
The komodo dragon is almost dead.
The komodo dragon bites you!!
* * * LOW HITPOINT WARNING * * *
You hit the komodo dragon.
Lightning courses through the komodo dragon!
You kill the komodo dragon!
As you read the scroll of fear, it crumbles to dust.
You assume a fearsome visage.
The purple ugly thing looks frightened!
You aren't carrying any items that you can evoke.
As you read the scroll labelled NUSUFA NYPH, it crumbles to dust.
It is a scroll of identify.
f - 4 potions of curing The air fills with toxic fumes!
As you read the scroll labelled KIKKAN JYNUI, it crumbles to dust.
It was a scroll of poison.
The deep elf pyromancer casts a spell.
As you read the scroll labelled CIULYU LEQOQI, it crumbles to dust.
You feel strangely unstable.
It was a scroll of teleportation.
The deep elf pyromancer barely misses you.
You block the fire elemental's attack.
You hit the deep elf pyromancer.
The deep elf pyromancer is lightly wounded.
The deep elf pyromancer barely misses you.
The fire elemental hits you. The fire elemental burns you!
* * * LOW HITPOINT WARNING * * *
You hit the deep elf pyromancer.
The deep elf pyromancer is lightly wounded.
The fire elemental hits you. The fire elemental burns you!
You die...

, ,#.#..####.. ##..###... ,
, #.#.###..###.#..###...## *
*** #.#.#)###..##..##...#.#
** ###.#.....###..###..###.#
, .
,...#.#)###u.###§.......# ,
,
..,,,..#.###l.###§§§...#####
,#..###.#.#J.###§§§§##..# *
** #..u..#..###§§§########
#.....)###e@§#....#
#...§§§§§§§EE#....#
#...§§§§§§§§§#..###
,...############### .., ,.
,* , * ,, * * ,, , ,,, *


You could see a deep elf pyromancer and 2 fire elementals.

Vanquished Creatures
  A deep elf pyromancer (D:7)
  2 komodo dragons (D:8)
  A slime creature (D:8)
  Sigmund (D:2)
  A steam dragon (D:8)
  Edmund (D:5)
  An acid dragon (D:8)
  3 water moccasins
  An orc warrior (D:8)
  5 black bears
  An ice beast (D:7)
  2 sky beasts
  A kobold brigand (D:5)
  2 phantoms
  A gnoll sergeant (D:8)
  2 bullfrogs
  A necrophage (D:7)
  2 scorpions
  A wight (D:8)
  The ghost of bande the Covered, a weakling GrFi (D:3)
  A jelly (D:8)
  2 gnoll boudas (D:7)
  2 orc priests
  2 hounds
  An iguana (D:6)
  Natasha (twice) (D:2)
  3 orc wizards
  14 gnolls
  8 adders
  2 river rats (Sewer)
  A white imp (D:7)
  4 ufetubi
  5 worms
  A dart slug (D:6)
  31 orcs
  4 bats
  11 endoplasms
  3 giant cockroaches
  4 goblins
  A hobgoblin (D:4)
  2 jackals (D:2)
  3 quokkas
  12 ball pythons
  A frilled lizard (D:2)
  11 kobolds
  4 rats
166 creatures vanquished.

Vanquished Creatures (others)
  10 plants (D:8)
10 creatures vanquished.

Grand Total: 176 creatures vanquished

Notes
Turn   | Place    | Note
-------+----------+-------------------------------------------
     0 | D:1      | lunkers the Meteoran Fighter began the quest for the Orb.
     0 | D:1      | Reached XP level 1. HP: 19/19 MP: 2/2
    69 | D:1      | Reached XP level 2. HP: 26/26 MP: 3/3
    98 | D:1      | Reached skill level 3 in Short Blades
    98 | D:1      | You fall into a shaft and drop 1 floor!
   332 | D:2      | Noticed Sigmund
   343 | D:2      | Killed Sigmund
   344 | D:2      | Reached skill level 6 in Short Blades
   344 | D:2      | Reached XP level 3. HP: 19/31 MP: 4/4
   344 | D:2      | Reached XP level 4. HP: 23/38 MP: 5/5
   344 | D:2      | Reached XP level 5. HP: 27/45 MP: 6/6
   344 | D:2      | Reached XP level 6. HP: 31/51 MP: 7/7
   393 | D:2      | HP: 2/51 [poisoned by a gnoll]
   428 | D:2      | Found a faded altar of an unknown god.
   445 | D:2      | Noticed Natasha
   456 | D:2      | Killed Natasha
   457 | D:2      | Reached skill level 7 in Short Blades
   481 | D:2      | Prayed at the altar of an unknown god.
   481 | D:2      | Became a worshipper of the Shining One
   481 | D:2      | Reached * piety under the Shining One
   503 | D:2      | Noticed Natasha
   513 | D:2      | Killed Natasha
   514 | D:2      | Reached XP level 7. HP: 40/57 MP: 8/8
   526 | D:3      | Found a glowing drain.
   564 | Sewer    | Entered a sewer
   850 | Sewer    | Reached skill level 8 in Short Blades
  1000 | Sewer    | Glimpsed the power of Zot.
  1186 | D:3      | Found a runed translucent door.
  1187 | D:3      | Noticed bande's ghost (weakling GrFi)
  1214 | D:3      | Killed bande's ghost
  1499 | D:4      | Noticed Dowan
  1500 | D:4      | Noticed Duvessa
  1502 | D:4      | Reached ** piety under the Shining One
  1629 | D:4      | Reached skill level 1 in Invocations
  1631 | D:4      | Found a glowing golden altar of the Shining One.
  1644 | D:4      | Reached skill level 1 in Dodging
  1853 | D:5      | Entered Level 5 of the Dungeon
  1918 | D:5      | Reached XP level 8. HP: 56/66 MP: 8/10
  1931 | D:5      | Found a staircase to the Ecumenical Temple.
  2155 | D:5      | Noticed Edmund
  2168 | D:5      | Killed Edmund
  2264 | D:5      | Reached skill level 9 in Short Blades
  2344 | D:6      | Gained mutation: You passively map the area around you.
                  | [Meteoran growth]
  2344 | D:6      | Reached XP level 9. HP: 70/72 MP: 12/12
  2397 | D:6      | Reached skill level 5 in Armour
  2401 | D:6      | Found a bloodstained altar of Trog.
  2730 | D:6      | Found a blossoming altar of Fedhas.
  2814 | D:6      | Found a snail-covered altar of Cheibriados.
  2845 | D:6      | Reached skill level 5 in Fighting
  3024 | D:7      | Noticed a deep elf pyromancer
  3071 | D:7      | Killed a deep elf pyromancer
  3072 | D:7      | Reached skill level 10 in Short Blades
  3072 | D:7      | Reached skill level 5 in Invocations
  3168 | D:7      | Found a sparkling altar of Nemelex Xobeh.
  3172 | D:7      | Reached XP level 10. HP: 83/83 MP: 14/14
  3339 | D:7      | Reached skill level 5 in Dodging
  3391 | D:8      | Found Otatzys's Jewellery Shop.
  3394 | D:8      | Reached *** piety under the Shining One
  3483 | D:8      | Found a staircase to the Lair.
  3484 | D:8      | Noticed a komodo dragon
  3506 | D:8      | Killed a komodo dragon
  3753 | D:8      | Noticed a purple ugly thing
  3753 | D:8      | Noticed a deep elf pyromancer
  3753 | D:8      | Noticed a deep elf pyromancer
  3753 | D:8      | Noticed a deep elf pyromancer
  3753 | D:8      | Noticed a brown ugly thing
  3753 | D:8      | Noticed a komodo dragon
  3753 | D:8      | Noticed a deep elf pyromancer
  3753 | D:8      | Noticed a death knight
  3789 | D:8      | Killed a komodo dragon
  3798 | D:8      | HP: 2/84 [fire elemental[a deep elf pyromancer] (9)]
  3799 | D:8      | Mangled by a fire elemental

Illustrated notes

Levels and vault maps discovered:
D:1:      sevenhm_arrival_forest_fort_small_3, layout_rooms, serial_curves,
          eino_curves_01, eino_curves_01, eino_curves_04, eino_curves_04
D:2:      layout_loops_ring, hellmonk_ecumenical_altar_blasted, uniq_natasha,
          uniq_sigmund
D:3:      layout_basic, ebering_ghost_reflecting_pool,
          cheibrodos_sewer_entry_drain
D:4:      layout_loops_ring, nicolae_tso_carved_into_rock,
          serial_co_window_serial, co_window_of_opportunity_a,
          co_window_corner_a, co_window_paths_b, co_window_paths_a,
          co_window_paths_a, co_window_corner_b, co_window_paths_c,
          co_window_broadway_a, co_window_of_opportunity_c,
          co_window_of_opportunity_b, co_window_4corner_b, co_window_paths_e,
          glass_columns_b, glass_columns_b, glass_columns_b, uniq_duvessa
D:5:      layout_loops_cross, nicolae_gozag_cash_rules_everything_around_me,
          temple_statues, uniq_edmund
D:6:      layout_loops_ring, marbit_many_paths, kennysheep_slug_shrine,
          mainiacjoe_overflow_surrounded_room, chequers_serial_rivers_large_b
D:7:      layout_loops_corners, gammafunk_temple_overflow_claw,
          nemelex_xobeh_ov_fountains_minmay, minmay_manual_monstrance
D:8:      minmay_the_grid_triangle_9x9_recursive_2
          [minmay_the_grid_triangle_9x9_prize_insulated,
          minmay_the_grid_triangle_9x9_sprig,
          minmay_the_grid_triangle_9x9_windchime,
          minmay_the_grid_triangle_9x9_skeleton], layout_gridville,
          david_lair_shrubbed, serial_shops, nicolae_shop_crystal

Skill      XL: |  1  2  3  4  5  6  7  8  9 10 |
---------------+-------------------------------+-----
Short Blades   | 6 7 8 9 10 | 10.7
Invocations    | 1 3 5 6 |  6.9
Dodging        | 1 3 4 6 |  6.4
Armour         | 4 6 7 |  7.5
Fighting       | 4 5 6 |  6.9
Shields        | |  3.6

Action                   |  1- 3 |  4- 6 |  7- 9 | 10-12 || total
-------------------------+-------+-------+-------+-------++-------
Melee: Dagger            |    40 |    48 |   240 |       ||   328
       Rapier            |     3 |       |       |       ||     3
       Short sword       |       |       |   194 |   151 ||   345
  Use: Potion            |     1 |       |       |       ||     1
       Scroll            |       |       |     2 |     4 ||     6
Armor: Scale mail        |    31 |    13 |   113 |    33 ||   190
       Acid dragon scale |       |       |       |     6 ||     6
Dodge: Dodged            |    12 |    11 |    82 |    53 ||   158
Block: Buckler           |     9 |     8 |    59 |    30 ||   106

Table legend: (Time is in decaauts)
 A = Elapsed time spent in this place.
 B = Non-inter-level travel time spent in this place.
 C = Inter-level travel time spent in this place.
 D = Time resting spent in this place.
 E = Time spent auto-exploring this place.
 F = Levels seen in this place.
 G = Mean time per level.
                   A        B        C        D        E       F      G
               +--------+--------+--------+--------+--------+-----+--------+
         Total |   3659 |   3494 |    165 |     84 |   2348 |   9 |  406.6 |
       Dungeon |   3137 |   2972 |    165 |     84 |   1994 |   8 |  392.1 |
         Sewer |    521 |    521 |      0 |      0 |    353 |   1 |  521.0 |
               +--------+--------+--------+--------+--------+-----+--------+

Top non-repeatable levels by time:
     D:6: 571 daAuts
   Sewer: 521 daAuts
     D:4: 468 daAuts
     D:7: 435 daAuts
     D:5: 430 daAuts
     D:2: 409 daAuts
     D:3: 375 daAuts
     D:8: 350 daAuts
     D:1: 96 daAuts
